 Dungeon Crawl Stone Soup version 0.20.0-8-g6b59dc7 (webtiles) character file.

455 miragecloak the Insei (level 7, -1/43 HPs)
             Began as an Octopode Transmuter on June 2, 2017.
             Was an Initiate of Ashenzari.
             Slain by Grinder (3 damage)
             ... on level 5 of the Dungeon.
             The game lasted 00:05:01 (5218 turns).

miragecloak the Insei (Octopode Transmuter)         Turns: 5218, Time: 00:05:01

Health: -1/43      AC:  2    Str:  9    XL:     7   Next: 5%
Magic:  10/10      EV: 20    Int: 24    God:    Ashenzari [......]
Gold:   207        SH:  0    Dex: 20    Spells: 2/10 levels left

rFire    . . .     SeeInvis .     - Unarmed
rCold    . . .     Gourm    .   (shield currently unavailable)
rNeg     . . .     Faith    .   (helmet currently unavailable)
rPois    x         Spirit   .   (no amulet)
rElec    .         Reflect  .   s - +4 ring of intelligence (curse)
rCorr    .         Harm     .   (no ring)
MR       .....                  (no ring)
Stlth    +.........             (no ring)
Regen    0.2/turn               (no ring)
MPRegen  0.2/turn               (no ring)
                                (no ring)
                                (no ring)

@: confused, brilliant, spider-form
A: almost no armour, stealthy swim, (amphibious), 8 rings, (constrict 8), sense
surroundings 1
a: End Transformation, Curse Item, Renounce Religion


You were on level 5 of the Dungeon.
You worshipped Ashenzari.
Ashenzari was noncommittal.
You were near starving.
You were a venomous arachnid creature.
You visited 2 branches of the dungeon, and saw 6 of its levels.

You collected 207 gold pieces.

Inventory:

Missiles
 a - 33 arrows
Jewellery
 s - a cursed +4 ring of intelligence (left front leg)
Wands
 g - a wand of acid (7/15)
Scrolls
 e - a scroll of noise {unknown}
 f - a scroll of teleportation {unknown}
 k - a scroll of blinking {unknown}
 m - 2 scrolls of remove curse
 n - a scroll of immolation {unknown}
 p - 2 scrolls of magic mapping {unknown}
 q - a scroll of identify {unknown}
 r - a scroll of fear {unknown}
 u - a scroll of recharging {unknown}
Potions
 d - a potion of invisibility {unknown}
 j - 2 potions of heal wounds {unknown}
 l - a potion of mutation
 v - a potion of flight {unknown}
 w - a potion of curing {unknown}
 x - a potion of resistance {unknown}
Books
 b - a book of Changes

   Spells                             Type                      Level
   a - Beastly Appendage              Transmutation                1
   b - Sticks to Snakes               Transmutation                2
   c - Spider Form                    Transmutation/Poison         3
   d - Ice Form                       Ice/Transmutation            4
   e - Blade Hands                    Transmutation                5
Comestibles
 c - 2 bread rations
 i - 3 royal jellies
 o - a meat ration


   Skills:
 - Level 1.0 Fighting
 - Level 2.0 Dodging
 * Level 6.1 Unarmed Combat
 - Level 2.0 Spellcasting
 - Level 4.0 Transmutations
 - Level 3.2 Poison Magic


You had 2 spell levels left.
You knew the following spells:

 Your Spells              Type           Power        Failure   Level  Hunger
a - Beastly Appendage     Tmut           #####.       1%          1    #......
b - Spider Form           Tmut/Pois      ####......   2%          3    ###....
c - Ice Form              Ice/Tmut       ####....     11%         4    #####..


Dungeon Overview and Level Annotations

Branches:
Dungeon (5/15)             Temple (1/1) D:5

Altars:
Ashenzari
Cheibriados
Dithmenos
Elyvilon
Gozag
Okawaru
Qazlal
Ru
Sif Muna
Trog
Uskayaw
Vehumet
Yredelemnul

Annotations:
D:3 1 runed door
D:4 1 exclusion, Dowan, Duvessa
D:5 Grinder


Innate Abilities, Weirdness & Mutations

You cannot wear most types of armour.
You are very stealthy in the water. (Stealth+)
((You are amphibious.))
You can wear up to eight rings at the same time.
((You can use your tentacles to constrict eight enemies at once.))
((Your skin blends seamlessly with your surroundings (Stealth++).))
((Your rubbery body absorbs attacks. (AC +1, EV +1)))
You passively map a small area around you.
((Your system is resistant to poisons. (rPois)))


Message History

You hit Grinder but do no damage.
Grinder is moderately wounded.
Grinder hits you!
* * * LOW HITPOINT WARNING * * *
You writhe in agony.
* * * LOW HITPOINT WARNING * * *
Grinder blinks!
It was a potion of mutation.
You feel extremely strange.
You feel resistant to poisons.
Your natural camouflage becomes more effective.
You feel a strange attunement to the structure of the dungeons.
It was a potion of brilliance.
You feel clever all of a sudden. Grinder misses you.
It was a potion of ambrosia.
You are confused.
You feel invigorated. The sky beast barely misses you. Grinder hits you.
* * * LOW HITPOINT WARNING * * *
You writhe in agony.
You die...

#... #.<......# #...#
#.#......# #...#
#>#.#....###*
###...#####.#.#..(....
...................# ,.
,
.#........#.#......##...
,
#.#.....................
.#.#......#.####5.###..,
, >.#...#####.#
#s.###...
.#.#........####Y.....#
#.#...########....#####
.#....# #.####* .....##
#. ** , #.##.# * .. , *
#....# ... , < ####.#
##.., , * ## ... .## , *
*


You could see Grinder and a sky beast.

Vanquished Creatures
  2 hounds
  A jelly (D:5)
  2 orc wizards (D:4)
  An orc priest (D:3)
  A bullfrog skeleton (D:4)
  2 worker ants (D:4)
  A hound zombie (D:5)
  4 gnolls (D:4)
  3 adders
  2 oozes
  A worm (D:2)
  5 leopard geckos
  14 orcs
  7 bats
  7 giant cockroaches
  13 goblins
  9 hobgoblins
  6 jackals
  A quokka (D:3)
  2 ball pythons
  5 frilled lizards
  3 kobolds
  2 rats (D:3)
94 creatures vanquished.

Notes
Turn   | Place    | Note
-------+----------+-------------------------------------------
     0 | D:1      | miragecloak the Octopode Transmuter began the quest for the Orb.
     0 | D:1      | Reached XP level 1. HP: 13/13 MP: 3/3
    90 | D:1      | Reached XP level 2. HP: 17/18 MP: 3/5
  1013 | D:2      | Reached XP level 3. HP: 23/23 MP: 4/6
  1028 | D:2      | Learned a level 3 spell: Spider Form
  1050 | D:2      | Reached skill level 1 in Poison Magic
  1663 | D:2      | Reached XP level 4. HP: 23/28 MP: 4/7
  2113 | D:3      | Found a shadowy altar of Dithmenos.
  2345 | D:3      | Found a runed door.
  2815 | D:3      | Reached XP level 5. HP: 24/33 MP: 4/8
  3259 | D:4      | Found a bloodstained altar of Trog.
  3266 | D:4      | Reached skill level 4 in Unarmed Combat
  3507 | D:4      | Reached XP level 6. HP: 18/38 MP: 6/9
  3716 | D:4      | Noticed Duvessa
  3743 | D:4      | Found a sacrificial altar of Ru.
  3778 | D:4      | Found an opulent altar of Gozag.
  3983 | D:4      | Reached skill level 5 in Unarmed Combat
  4465 | D:4      | Noticed Dowan
  4740 | D:5      | Entered Level 5 of the Dungeon
  4983 | D:5      | Noticed a phantom
  5036 | D:5      | Found a staircase to the Ecumenical Temple.
  5043 | D:5      | Reached skill level 6 in Unarmed Combat
  5043 | D:5      | Reached XP level 7. HP: 36/43 MP: 6/10
  5048 | Temple   | Entered the Ecumenical Temple
  5134 | Temple   | Became a worshipper of Ashenzari the Shackled
  5187 | D:5      | Learned a level 4 spell: Ice Form
  5203 | D:5      | Noticed Grinder
  5213 | D:5      | HP: 2/43 [Grinder (4)]
  5216 | D:5      | Gained mutation: Your system is resistant to poisons. (rPois) [potion of mutation]
  5216 | D:5      | Gained mutation: Your skin blends seamlessly with your surroundings (Stealth++). [potion of mutation]
  5216 | D:5      | Gained mutation: You passively map a small area around you. [potion of mutation]
  5218 | D:5      | HP: 2/43 [Grinder (4)]
  5218 | D:5      | Slain by Grinder

Skill      XL: |  1  2  3  4  5  6 |
---------------+-------------------+-----
Transmutations | 3 4 |  4.0
Poison Magic   | 2 3 |  3.2
Unarmed Combat | 4 6 |  6.1
Fighting       | |  1.0
Dodging        | |  2.0
Spellcasting   | |  2.0

Action                   |  1- 3 |  4- 6 |  7- 9 || total
-------------------------+-------+-------+-------++-------
Melee: Unarmed           |    73 |   196 |    13 ||   282
       Kick              |    12 |       |       ||    12
       Constrict         |    11 |    16 |       ||    27
       Tentacles         |     4 |     9 |       ||    13
       Punch             |     1 |     1 |       ||     2
 Cast: Beastly Appendage |    21 |       |       ||    21
       Spider Form       |     4 |    28 |     2 ||    34
Invok: Curse Item        |       |       |     1 ||     1
  Use: Potion            |       |       |     3 ||     3
 Stab: Sleeping          |     3 |     2 |       ||     5
  Eat: Chunk             |     2 |    16 |       ||    18
Armor: Skin              |     9 |    11 |     2 ||    22
Dodge: Dodged            |    49 |   167 |     7 ||   223
